 Dungeon Crawl Stone Soup version 0.22-a0-565-gfc6459a524 (webtiles) character file.

154 Kholdaimon the Shield-Bearer (level 5, 0/43 HPs)
             Began as a Formicid Fighter on June 28, 2018.
             Slain by Crazy Yiuf
             ... wielding a +4 quarterstaff of chaos
              (3 damage)
             ... on level 3 of the Dungeon.
             The game lasted 00:11:22 (3548 turns).

Kholdaimon the Shield-Bearer (Formicid Fighter)     Turns: 3548, Time: 00:11:22

Health: 0/43       AC:  7    Str: 20    XL:     5   Next: 62%
Magic:  5/5        EV:  8    Int:  9    God:
Gold:   162        SH:  9    Dex: 10    Spells: 4/4 levels left

rFire    . . .     SeeInvis +   a - +0 war axe
rCold    . . .     Gourm    .   c - +0 shield
rNeg     . . .     Faith    .   b - +0 scale mail
rPois    .         Spirit   .   (helmet unavailable)
rElec    .         Reflect  .   (no cloak)
rCorr    .         Harm     .   (no gloves)
MR       .....                  (no boots)
Stlth    ..........             (no amulet)
HPRegen  0.14/turn              (no ring)
MPRegen  0.09/turn              (no ring)

@: drained
A: permanent stasis, dig shafts and tunnels, four strong arms, antennae 3
a: Dig, Shaft Self


You were on level 3 of the Dungeon.
You were not hungry.

You visited 1 branch of the dungeon, and saw 3 of its levels.

You collected 162 gold pieces.

Inventory:

Hand Weapons
 a - a +0 war axe (weapon)
 e - a +0 hunting sling
 v - a +0 hunting sling
 x - a +0 hunting sling
Missiles
 n - 72 stones (quivered)
 r - 64 bolts
 s - 11 poisoned needles
 z - 6 javelins
Armour
 b - a +0 scale mail (worn)
 c - a +0 shield (worn)
Jewellery
 t - a cursed -3 ring of strength {unknown}
 u - an uncursed amulet of rage {unknown}
Scrolls
 i - 2 scrolls of identify {unknown}
 j - a scroll of immolation {unknown}
 k - a scroll of teleportation {unknown}
 o - 2 scrolls of enchant weapon {unknown}
 p - a scroll of magic mapping {unknown}
 w - a scroll of random uselessness {unknown}
 y - a scroll of enchant armour {unknown}
 A - a scroll of amnesia {unknown}
 B - 2 scrolls of remove curse {unknown}
Potions
 d - 2 potions of might
 g - 2 potions of resistance
 h - a potion of agility {unknown}
 l - a potion of cancellation {unknown}
 m - a potion of heal wounds
 q - 2 potions of curing {unknown}
Comestibles
 f - 6 rations


   Skills:
 + Level 4.3(4.0) Fighting
 + Level 3.1(2.8) Axes
 + Level 4.2(3.9) Armour
 + Level 4.7(4.4) Shields


You had 4 spell levels left.
You didn't know any spells.
Your spell library was empty.

Dungeon Overview and Level Annotations

Branches:
Dungeon (3/15)

Altars:
Dithmenos
Hepliaklqana
Kikubaaqudgha

Annotations:
D:3 Crazy Yiuf


Innate Abilities, Weirdness & Mutations

You cannot be hasted, slowed, berserked, paralysed or teleported.
You can dig through walls and to a lower floor.
Your four strong arms can wield two-handed weapons with a shield.
You have a pair of large antennae on your head. (SInv)


Message History

Crazy Yiuf hits you with a quarterstaff of chaos.
Crazy Yiuf freezes you.
All of the chunks of flesh in your inventory have rotted away.
You hit Crazy Yiuf but do no damage.
Crazy Yiuf hits you with a quarterstaff of chaos!
Crazy Yiuf freezes you.
You slash Crazy Yiuf!
Crazy Yiuf is heavily wounded.
Crazy Yiuf hits you with a quarterstaff of chaos!
* * * LOW HITPOINT WARNING * * *
Your stasis prevents you from being slowed.
Crazy Yiuf grits, "Mountain forty-two song!"
You block Crazy Yiuf's attack.
You hit Crazy Yiuf.
Crazy Yiuf is severely wounded.
Crazy Yiuf cries, "Spliff!
Paint sanguine senile."
Crazy Yiuf hits you with a quarterstaff of chaos.
* * * LOW HITPOINT WARNING * * *
You feel drained.
You die...

######........#
###.#
#......##.###.#
#....
..###..#...##.#
#.#.# #.#
#..######## #.#..
#.###..# #.#..
#......# #.#.#
#########♣♣ ####
#.#.# ##...P♣♣
♣♣#..)# #....
#....PP♣♣♣♣.@g..#
###.#
#....PP.♣..♣#...#
#.# #
#.#....♣.♣♣♣ ####
##.# ##
#..##♣♣♣♣♣ #...
.####..#
########...
....'..########
######..........
.####.........#
#...###########.
######.......##
##...# ##
....###.....##
###.# #


You could see Crazy Yiuf.

Vanquished Creatures
  A worker ant (D:3)
  2 adders
  4 gnolls (D:3)
  2 worms (D:2)
  3 dart slugs
  2 leopard geckos
  An orc (D:3)
  3 giant cockroaches
  4 goblins
  5 hobgoblins
  6 jackals
  7 kobolds
  3 quokkas
  7 bats
  3 frilled lizards (D:1)
  7 rats
60 creatures vanquished.

Notes
Turn   | Place    | Note
-------+----------+-------------------------------------------
     0 | D:1      | Kholdaimon the Formicid Fighter began the quest for the Orb.
     0 | D:1      | Reached XP level 1. HP: 18/18 MP: 1/1
   115 | D:1      | Reached XP level 2. HP: 24/24 MP: 2/2
   474 | D:1      | Reached XP level 3. HP: 28/29 MP: 3/3
   954 | D:2      | Found a shadowy altar of Dithmenos.
   957 | D:2      | Found an ancient bone altar of Kikubaaqudgha.
  1342 | D:2      | Reached XP level 4. HP: 23/37 MP: 4/4
  2412 | D:3      | Found a hazy altar of Hepliaklqana.
  2545 | D:3      | Reached XP level 5. HP: 32/42 MP: 5/5
  3401 | D:3      | Found a runed door.
  3538 | D:3      | Noticed Crazy Yiuf
  3548 | D:3      | Slain by Crazy Yiuf

Vault maps used:
D:1:      giann_bridges
D:2:      minitemple
D:3:      nicolae_overflow_crystal_walls, uniq_crazy_yiuf_cottage

Skill      XL: |  1  2  3  4  5 |
---------------+----------------+-----
Shields        | 4 |  4.7
Fighting       | 4 |  4.3
Armour         | 4 |  4.2
Axes           | 3 |  3.1

Action                   |  1- 3 |  4- 6 || total
-------------------------+-------+-------++-------
Melee: War axe           |   136 |    93 ||   229
Throw: Stone             |     3 |       ||     3
  Use: Potion            |       |     2 ||     2
  Eat: Chunk             |     2 |     7 ||     9
Armor: Scale mail        |    65 |    42 ||   107
Dodge: Dodged            |    50 |    36 ||    86
Block: Shield            |    70 |    56 ||   126

Table legend:
 A = Spawn XP
 B = Non-spawn XP
 C = Spawn XP percentage of total XP
 D = Spawn monster count
 E = Non-spawn monster count
 F = Spawn count percentage of total count
 G = Total turns spent on level
                    A         B        C        D         E        F      G
               +---------+---------+-------+---------+---------+-------+---------
         Total |       0 |     220 |   0.0 |       0 |      60 |   0.0 |  3548
               +---------+---------+-------+---------+---------+-------+---------
           D:1 |       0 |      44 |   0.0 |       0 |      24 |   0.0 |   865
           D:2 |       0 |      49 |   0.0 |       0 |      17 |   0.0 |  1232
           D:3 |       0 |     127 |   0.0 |       0 |      19 |   0.0 |  1451
               +---------+---------+-------+---------+---------+-------+---------
